 Dungeon Crawl Stone Soup version 0.17-a0-1504-gb7d9117 (webtiles) character file.

46 klainefeese the Shield-Bearer (level 3, -1/29 HPs)
             Began as a Human Fighter on June 28, 2015.
             Killed from afar by Ijyb (4 damage)
             ... with a wand of flame
             ... on level 3 of the Dungeon on July 9, 2015.
             The game lasted 00:13:28 (952 turns).

klainefeese the Shield-Bearer (Human Fighter)        Turns: 952, Time: 00:13:28

Health: -1/29      AC:  8    Str: 17    XL:     3   Next: 92%
Magic:  3/3        EV:  7    Int:  8    God:
Gold:   35         SH:  9    Dex: 12    Spells: 0 memorised, 2 levels left

rFire  . . .     SeeInvis .     a - +1 long sword
rCold  + . .     Clarity  .     b - +0 scale mail
rNeg   . . .     SustAt   .     c - +0 shield
rPois  .         Gourm    .     (no helmet)
rElec  .         Spirit   .     (no cloak)
rCorr  +         Warding  .     n - +0 pair of gloves
rMut   .         Stasis   .     (no boots)
MR     .....                    p - amulet of resist corrosion
Stlth  ..........               (no ring)
                                h - ring of protection from cold

@: not resistant to hostile enchantments, extremely unstealthy
A: no striking features
a: no special abilities


You were on level 3 of the Dungeon.
You were not hungry.

You visited 1 branch of the dungeon, and saw 3 of its levels.

You collected 35 gold pieces.

Inventory:

Hand weapons
 a - a +1 long sword (weapon)
 i - a +0 short sword
Missiles
 f - 69 stones (quivered)
Armour
 b - a +0 scale mail (worn)
 c - a +0 shield (worn)
 n - a +0 pair of gloves (worn)
Jewellery
 h - a ring of protection from cold (left hand)
 p - an amulet of resist corrosion (around neck)
Scrolls
 l - a scroll of blinking
Potions
 d - a potion of brilliance {unknown}
 o - a potion of degeneration {unknown}
Comestibles
 e - a bread ration


   Skills:
 + Level 3.3 Fighting
 + Level 2.4 Long Blades
 + Level 3.4 Armour
 + Level 0.4 Dodging
 + Level 3.5 Shields


You had 2 spell levels left.
You didn't know any spells.

Dungeon Overview and Level Annotations

Branches:
Dungeon (3/15)

Altars:

Annotations:
D:3 Ijyb


Message History

You completely miss Ijyb.
Ijyb is moderately wounded.
Ijyb zaps a wand.
The puff of flame misses you. You block the kobold's attack.
You miss Ijyb.
Ijyb is moderately wounded.
Ijyb zaps a wand.
The puff of flame hits you!
* * * LOW HITPOINT WARNING * * *
You block the kobold's attack.
Ijyb zaps a wand.
The puff of flame hits you!
* * * LOW HITPOINT WARNING * * *
You see here 9 gold pieces.
You swing at nothing.
The kobold barely misses you. You block Ijyb's attack.
The kobold completely misses you.
Unknown command.
Throwing (i - inventory):
f - 69 stones (quivered)
Press: ? - help, Shift-Dir - straight line
Okay, then.
Unknown command.
Ijyb screams, "It's all mine!"
Ijyb zaps a wand.
The puff of flame hits you!
You die...

*##**,* *##..#** #.*
#...,,*###...#######.#*
#.######..........##..#####
*.#................##......
*,#.................######.
*****,#........?........###....
**,,<*,#.................##.....
**,,,,,,#.....)............><.###
*,,,,,,,#...).g.@.........#.###
*,,,,,,,#.....K.............#
*,,,,,..................#.###
*,,,,,...........########.# ***
*,,,,,...........# *..# ##,,
*,,,,,...?.......#* #.## #..,
**,,,,............** #.* #...
*,<,,..##.........* *,* #...
*,***********,,*,,*****,* #...


You could see Ijyb and a kobold.

Vanquished Creatures
  An adder (D:3)
  An ooze (D:3)
  An orc (D:3)
  5 bats (D:1)
  6 hobgoblins
  2 jackals (D:3)
  2 giant newts (D:1)
  4 goblins
  3 kobolds (D:1)
  7 rats
32 creatures vanquished.

Notes
Turn   | Place    | Note
--------------------------------------------------------------
     0 | D:1      | klainefeese the Human Fighter began the quest for the Orb.
     0 | D:1      | Reached XP level 1. HP: 18/18 MP: 1/1
    65 | D:1      | Reached XP level 2. HP: 8/24 MP: 2/2
   494 | D:1      | Reached XP level 3. HP: 24/29 MP: 3/3
   607 | D:1      | Upgraded the game from 0.17-a0-1446-gc28613e to 0.17-a0-1504-gb7d9117
   766 | D:1      | You fall through a shaft!
   939 | D:3      | Noticed Ijyb
   952 | D:3      | Killed from afar by Ijyb

Vault maps used:
D:1:      scummos_arrival_hexagon
D:2:      uniq_terence
D:3:      ecumenical_altar_1, serial_co_window_serial, co_window_cross_1,
          co_window_paths_a, co_window_cross_1, co_window_cross_1,
          co_window_paths_a, co_window_corner_a, co_window_paths_a,
          co_window_2corner, co_window_cross_3, co_window_corner_cb,
          co_window_2corner, co_window_of_opportunity_b, co_window_paths_c,
          co_window_unsneaky_path_d, glass_columns_a, glass_columns_b,
          glass_columns_c, nicolae_gozag_zags_fifth_avenue, uniq_iyjb

Action                   || total
-------------------------++-------
Melee: Long sword        ||    89
Throw: Stone             ||    38
  Use: Potion            ||     1
       Scroll            ||     6
